 Dungeon Sprint DCSS version 0.21-a0-349-g0c35859 (webtiles) character file.

4889 Kidiri the Fighter (level 10, -7/154 HPs)
             Began as a White Draconian Gladiator on Oct 8, 2017.
             Was the Champion of Trog.
             Killed by static electricity
             ... invoked by an insubstantial wisp
              (9 damage)
             ... in the Dungeon (Sprint VII: "The Pits").
             The game lasted 00:09:29 (2516 turns).

Kidiri the Fighter (White Draconian Gladiator)      Turns: 2516, Time: 00:09:30

Health: -7/154     AC:  7    Str: 30    XL:     10   Next: 26%
Magic:  10/10      EV: 19    Int: 10    God:    Trog [******]
Gold:   0          SH:  0    Dex: 12    Spells: 9/9 levels left

rFire    . . .     SeeInvis .   a - +1 mace of Variability {chaos}
rCold    + . .     Gourm    .   (shield currently unavailable)
rNeg     . . .     Faith    .   (armour unavailable)
rPois    .         Spirit   .   b - +0 hat
rElec    .         Reflect  .   (no cloak)
rCorr    .         Harm     .   (no gloves)
MR       .....     NoTele   +   (no boots)
Stlth    ..........             (no amulet)
HPRegen  0.35/turn              s - +3 ring of strength
MPRegen  0.12/turn              t - +3 ring of strength

@: berserking (expiring), lethally poisoned (-7 -> -21), very quick
A: breathe frost, unfitting armour, cold resistance 1, cold-blooded, AC +7
a: Breathe Frost, Berserk, Trog's Hand, Brothers in Arms, Burn Spellbooks,
Renounce Religion


You were in the Dungeon.
You worshipped Trog.
Trog was exalted by your worship.
You were not hungry.

You visited 1 branch

Inventory:

Hand Weapons
 a - the +1 mace of Variability (weapon) {chaos}
   (You found it in the Dungeon)

   Each time it hits an enemy it has a different, random effect.
Missiles
 c - 2 throwing nets
 v - 7 needles of sleeping
 x - 9 javelins of penetration (quivered)
 y - 2 silver javelins
Armour
 b - a +0 hat (worn)
Jewellery
 s - a +3 ring of strength (left hand)
 t - a +3 ring of strength (right hand)
Scrolls
 j - a scroll of blinking
 l - 3 scrolls of remove curse
 m - 5 scrolls of amnesia
 n - a scroll of summoning
Potions
 e - 8 potions of curing
 f - 9 potions of heal wounds
 g - a potion of haste
 h - 4 potions of magic
 i - 4 potions of berserk rage
 k - 2 potions of invisibility
 q - a potion of degeneration {unknown}
 u - 2 potions of agility
 w - a potion of might
Comestibles
 d - 8 bread rations
 o - 28 fruits
 p - 7 meat rations


   Skills:
 * Level 14.0 Fighting
 * Level 13.1 Maces & Flails
 + Level 9.0 Throwing
 * Level 12.2 Dodging


You had 9 spell levels left.
You didn't know any spells.

Dungeon Overview and Level Annotations

Branches:
Dungeon (1/1)

Altars:
Ashenzari
Cheibriados
Dithmenos
Elyvilon
Fedhas
Gozag
Hepliaklqana
Kikubaaqudgha
Makhleb
Nemelex Xobeh
Okawaru
Qazlal
Ru
Sif Muna
Trog
Uskayaw
Vehumet
Wu Jian
Xom
Yredelemnul
Zin
The Shining One
Beogh
Jiyva
Lugonu

Annotations:
D exclusions: 8 doors and 4 more exclusions


Innate Abilities, Weirdness & Mutations

You can breathe waves of freezing cold.
You can buffet flying creatures when you breathe cold.
Your icy white scales are hard. (AC +7)
You cannot fit into any form of body armour.
Your flesh is cold resistant. (rC+)
You are cold-blooded and may be slowed by cold attacks.


Message History

You feel sick. The insubstantial wisp misses you.
The insubstantial wisp thrums sharply.
You are struck by lightning.
* * * LOW HITPOINT WARNING * * *
The lightning arcs!
You thump the insubstantial wisp!
You destroy the insubstantial wisp!
Trog accepts your kill.
Your Fighting skill increases to level 14!
Your Throwing skill increases to level 9!
* * * LOW HITPOINT WARNING * * *
You feel sick. The insubstantial wisp misses you.
The insubstantial wisp hits you!
* * * LOW HITPOINT WARNING * * *
You miss the insubstantial wisp.
* * * LOW HITPOINT WARNING * * *
You feel sick.
The insubstantial wisp blinks!
The insubstantial wisp thrums sharply.
You are struck by lightning.
You die...

.....##++################
.....##..#..............#
.....##..##.....)[.......
.<...##..####...#+######.
.....##..#..#####.## .#
.....##..#....##...# ..#
.....##..+.....#..v#...#
#######..+.....+v.(†...+
#######..+.....#@..#...#
#..[[##..#....##.§.# ..#
#..[[##..#..#####.## .##+##
+..))##..####...#+######)..##
#..))##..##..............#..##
#..))##..#..............###..#
######################### ####


You could see 2 insubstantial wisps.

Vanquished Creatures
  A hydra (D)
  A death yak (D)
  A wolf spider (D)
  A molten gargoyle (D)
  A black mamba (D)
  An orange demon (D)
  A komodo dragon (D)
  A snapping turtle (D)
  A redback (D)
  A water elemental (D)
  A fire bat (D)
  A warg (D)
  2 insubstantial wisps (D)
  2 floating eyes (D)
  A water moccasin (D)
  An orc warrior (D)
  A phantom (D)
  A crocodile (D)
  A gnoll sergeant (D)
  An earth elemental (D)
  An orc priest (D)
  An iron imp (D)
  An orc wizard (D)
  2 hell rats (D)
  Terence (D)
  A mummy (D)
  5 gnolls (D)
  2 adders (D)
  2 river rats (D)
  2 ufetubi (D)
  An ooze (D)
  4 orcs (D)
  A ball python (D)
  A hobgoblin (D)
  A kobold (D)
  A bat (D)
  A rat (D)
50 creatures vanquished.

Vanquished Creatures (collateral kills)
  A jumping spider (D)
  A small abomination (D)
  A gnoll sergeant (D)
  A gnoll (D)
4 creatures vanquished.

Grand Total: 54 creatures vanquished

Notes
Turn   | Place    | Note
-------+----------+-------------------------------------------
     0 | D        | Kidiri the Draconian Gladiator began the quest for the Orb.
     0 | D        | Reached XP level 1. HP: 17/17 MP: 1/1
    18 | D        | Reached skill level 3 in Fighting
    53 | D        | Found a bloodstained altar of Trog.
    53 | D        | Found a deep blue altar of Sif Muna.
    53 | D        | Found a viscous altar of Jiyva.
    53 | D        | Found a hazy altar of Hepliaklqana.
    53 | D        | Found an opulent altar of Gozag.
    54 | D        | Found a glowing golden altar of the Shining One.
    54 | D        | Found a glowing silver altar of Zin.
    54 | D        | Found a basalt altar of Yredelemnul.
    54 | D        | Found a shimmering altar of Xom.
    54 | D        | Found an ornate altar of the Wu Jian Council.
    54 | D        | Found a sacrificial altar of Ru.
    54 | D        | Found a stormy altar of Qazlal.
    54 | D        | Found an iron altar of Okawaru.
    54 | D        | Found a sparkling altar of Nemelex Xobeh.
    54 | D        | Found a burning altar of Makhleb.
    54 | D        | Found a blossoming altar of Fedhas.
    54 | D        | Found a white marble altar of Elyvilon.
    54 | D        | Found a shadowy altar of Dithmenos.
    54 | D        | Found a snail-covered altar of Cheibriados.
    57 | D        | Found a corrupted altar of Lugonu.
    57 | D        | Found a radiant altar of Vehumet.
    57 | D        | Found a roughly hewn altar of Beogh.
    58 | D        | Became a worshipper of Trog the Wrathful
    59 | D        | Found an ancient bone altar of Kikubaaqudgha.
    59 | D        | Found a hide-covered altar of Uskayaw.
    59 | D        | Found a shattered altar of Ashenzari.
   111 | D        | Reached XP level 2. HP: 22/26 MP: 2/2
   165 | D        | Reached * piety under Trog
   170 | D        | Reached skill level 4 in Fighting
   361 | D        | Noticed a floating eye
   366 | D        | Paralysed by a floating eye for 3 turns
   369 | D        | Reached XP level 3. HP: 33/33 MP: 3/3
   371 | D        | Reached ** piety under Trog
   372 | D        | Killed a floating eye
   372 | D        | Reached skill level 6 in Fighting
   372 | D        | Reached skill level 5 in Dodging
   372 | D        | Reached XP level 4. HP: 45/45 MP: 4/4
   372 | D        | Reached XP level 5. HP: 51/51 MP: 5/5
   442 | D        | Noticed a warg
   446 | D        | Noticed Terence
   453 | D        | Killed a warg
   453 | D        | Reached skill level 7 in Fighting
   453 | D        | Reached XP level 6. HP: 60/60 MP: 6/6
   459 | D        | Reached *** piety under Trog
   462 | D        | Killed Terence
   470 | D        | Reached **** piety under Trog
   470 | D        | Reached skill level 8 in Fighting
   530 | D        | Noticed a floating eye
   534 | D        | Paralysed by a floating eye for 4 turns
   539 | D        | Killed a floating eye
   539 | D        | Reached skill level 5 in Throwing
   543 | D        | Noticed a fire bat
   558 | D        | Reached skill level 9 in Fighting
   567 | D        | Killed a fire bat
   567 | D        | Your scales start taking on an icy white colour.
   567 | D        | Reached XP level 7. HP: 53/70 MP: 7/7
   567 | D        | Gained mutation: Your flesh is cold resistant. (rC+) [White Draconian growth]
   740 | D        | Received a gift from Trog
   748 | D        | Reached skill level 10 in Fighting
   770 | D        | Found the +13 mace of Variability {chaos}
  1173 | D        | Noticed a komodo dragon
  1186 | D        | HP: 4/108 [komodo dragon (17)]
  1189 | D        | Killed a komodo dragon
  1189 | D        | Reached ***** piety under Trog
  1189 | D        | Reached skill level 10 in Maces & Flails
  1189 | D        | Reached XP level 8. HP: 5/81 MP: 8/8
  1523 | D        | Noticed a five-headed hydra
  1526 | D        | Killed a five-headed hydra
  1526 | D        | Reached skill level 11 in Fighting
  1526 | D        | Reached skill level 10 in Dodging
  1596 | D        | Noticed an orange demon
  1601 | D        | Killed an orange demon
  1601 | D        | Received a gift from Trog
  1601 | D        | Reached skill level 12 in Fighting
  1601 | D        | Reached XP level 9. HP: 35/90 MP: 9/9
  1602 | D        | Noticed a jumping spider
  1611 | D        | Killed a jumping spider
  1826 | D        | Noticed a molten gargoyle
  1826 | D        | Noticed a black mamba
  1833 | D        | Killed a black mamba
  1834 | D        | Killed a molten gargoyle
  1838 | D        | Received a gift from Trog
  2121 | D        | Noticed a death yak
  2126 | D        | Received a gift from Trog
  2126 | D        | Reached skill level 13 in Fighting
  2133 | D        | Killed a death yak
  2136 | D        | Reached ****** piety under Trog
  2142 | D        | Reached XP level 10. HP: 12/101 MP: 10/10
  2143 | D        | Received a gift from Trog
  2499 | D        | Noticed a wolf spider
  2500 | D        | Received a gift from Trog
  2511 | D        | Killed a wolf spider
  2511 | D        | Received a gift from Trog
  2515 | D        | Reached skill level 14 in Fighting
  2515 | D        | HP: 3/154 [insubstantial wisp (7)]
  2516 | D        | Killed from afar by an insubstantial wisp

Vault maps used:
D:        pitsprint

Skill      XL: |  1  2  3  4  5  6  7  8  9 10 |
---------------+-------------------------------+-----
Fighting       | 3 4 6 7 9 10 12 13 14 | 14.0
Throwing       | 2 3 4 5 6 7 8 9 |  9.0
Dodging        | 3 4 5 6 8 9 10 11 12 | 12.2
Maces & Flails | 4 6 7 9 10 11 12 13 | 13.1

Action                   |  1- 3 |  4- 6 |  7- 9 | 10-12 || total
-------------------------+-------+-------+-------+-------++-------
Melee: Mace              |    22 |    29 |       |       ||    51
       Flail             |     3 |    17 |    25 |       ||    45
       Tailslap          |     3 |     5 |    12 |     2 ||    22
       Great mace        |       |       |    44 |    16 ||    60
Throw: Throwing net      |       |     1 |       |       ||     1
Invok: Berserk           |     1 |     2 |     4 |     1 ||     8
       Trog's Hand       |       |     1 |       |       ||     1
       Brothers in Arms  |       |     1 |     3 |       ||     4
       Burn Spellbooks   |       |       |       |     1 ||     1
 Abil: Breathe Frost     |       |       |     4 |       ||     4
  Use: Potion            |       |       |     1 |       ||     1
 Stab: Sleeping          |     1 |     1 |       |       ||     2
       Petrifying        |       |       |     1 |       ||     1
       Paralysed         |       |       |     1 |       ||     1
  Eat: Chunk             |       |     1 |     7 |       ||     8
       Fruit             |       |       |    12 |       ||    12
Armor: Skin              |    11 |    13 |    13 |     2 ||    39
Dodge: Dodged            |    18 |    34 |    49 |    16 ||   117

Table legend:
 A = Spawn XP
 B = Non-spawn XP
 C = Spawn XP percentage of total XP
 D = Spawn monster count
 E = Non-spawn monster count
 F = Spawn count percentage of total count
 G = Total turns spent on level
                    A         B        C        D         E        F      G
               +---------+---------+-------+---------+---------+-------+---------
         Total |       0 |    6985 |   0.0 |       0 |      54 |   0.0 |  2516
               +---------+---------+-------+---------+---------+-------+---------
             D |       0 |    6985 |   0.0 |       0 |      54 |   0.0 |  2516
               +---------+---------+-------+---------+---------+-------+---------
